Map: Ruines d’Endion

Players

Protoxin

  • Race: Terran Terran
  • Spawn Location: 5:00

zidar - Winner!

  • Race: Zerg Zerg
  • League: Gold
  • Spawn Location: 7:00

VOD

Have the link to the VOD?

Description

Time

  • Played on: June 15, 2016, 2:13 p.m.
  • Length: 11:56
Show
View Real Time Build Order
Export as new Build Order

Protoxin Terran 

Build Orders:  

Get SALT Encoding   

  12  0:01  SCV  
  13  0:16  Supply Depot  
  13  0:18  SCV  
  14  0:30  SCV  
  15  0:40  Barracks  
  15  0:42  SCV  
  16  0:54  SCV  
  17  1:08  SCV  
  18  1:12  Refinery  
  18  1:20  SCV  
  19  1:28  Supply Depot  
  19  1:30  Marine  
  20  1:36  SCV  
  21  1:48  Marine  
  22  2:06  Marine  
  23  2:17  Orbital Command  
  23  2:18  Refinery  
  23  2:24  Marine  
  24  2:41  Marine  
  25  2:50  Factory  
  25  2:53  SCV  
  26  2:59  Marine  
  27  3:05  SCV  
  28  3:17  Marine  
  28  3:18  SCV  
  30  3:30  SCV  
  31  3:35  Marine  
  31  3:38  Factory Tech Lab  
  32  3:43  Armory  
  32  3:53  Marine  
  33  4:06  Supply Depot  
  33  4:10  Marine  
  33  4:14  Engineering Bay  
  34  4:24  Siege Tank  
  34  4:28  Marine  
  38  4:34  Terran Vehicle Weapons Level 1  
  38  4:44  Supply Depot  
  38  4:46  Marine  
  39  4:55  Command Center  
  39  4:56  Thor  
  45  5:04  Marine  
  45  5:06  Missile Turret  
  46  5:22  Marine  
  47  5:39  Thor  
  53  5:57  Factory  
  53  6:09  SCV  
  53  6:10  Refinery  
  54  6:21  SCV  
  55  6:26  Thor  
  61  6:33  Supply Depot  
  61  6:34  SCV  
  62  6:44  Factory Tech Lab  
  62  6:46  SCV  
  63  6:54  Missile Turret  
  63  6:58  SCV  
  64  7:10  SCV  
  65  7:27  Refinery  
  65  7:31  Terran Vehicle And Ship Armor Level 1  
  65  7:34  Thor  
  71  7:54  Sensor Tower  
  71  7:56  Supply Depot  
  71  8:03  SCV  
  72  8:06  Thor  
  78  8:15  SCV  
  78  8:18  Marine  
  80  8:28  Planetary Fortress  
  80  8:36  Marine  
  81  8:49  Thor  
  81  8:54  Marine, Supply Depot  
  88  9:12  Marine  
  88  9:14  Thor  
  95  9:17  Supply Depot  
  95  9:24  Terran Vehicle Weapons Level 2  
  95  9:29  Marine  
  96  9:43  Thor  
  102  9:47  Marine  
  103  9:57  Thor  
  103  9:59  Missile Turret  
  109  10:05  Marine  
  100  10:23  Marine  
  100  10:26  Thor  
  63  10:41  Marine  
  64  10:43  Siege Tank  
  67  10:58  Marine  
  68  11:15  Siege Tank  
  68  11:16  Marine  
Show
View Real Time Build Order
Export as new Build Order

zidar Zerg - Winner!

Build Orders: Hatch First 

Get SALT Encoding   

  12  0:01  Drone  
  13  0:12  Overlord  
  13  0:17  Drone  
  14  0:32  Drone x2  
  16  0:52  Hatchery  
  16  0:55  Drone  
  16  0:58  Extractor  
  16  1:01  Drone  
  16  1:20  Spawning Pool  
  15  1:28  Drone x2  
  17  1:36  Drone  
  18  1:41  Overlord  
  18  1:52  Drone  
  19  2:02  Drone  
  19  2:07  Queen  
  22  2:13  Queen  
  24  2:27  Drone x4  
  28  2:35  Metabolic Boost  
  28  2:40  Drone  
  29  2:45  Extractor  
  29  2:50  Pneumatized Carapace  
  28  2:59  Drone x4  
  28  3:01  Overlord  
  32  3:22  Baneling Nest  
  31  3:29  Zergling x2  
  31  3:30  Zergling x4  
  31  3:31  Zergling x2  
  35  3:35  Drone x3  
  38  3:58  Lair  
  38  4:01  Drone x5  
  43  4:08  Overlord x2  
  43  4:09  Overlord  
  43  4:26  Queen  
  45  4:51  Roach Warren  
  44  4:59  Baneling x5  
  44  5:03  Drone  
  44  5:32  Spire  
  44  5:33  Centrifical Hooks  
  43  5:39  Roach x9  
  61  5:45  Drone x4  
  61  5:49  Extractor  
  64  5:50  Extractor  
  63  6:11  Ravager  
  63  6:12  Ravager  
  63  6:14  Ravager  
  63  6:18  Drone x2  
  68  6:32  Overlord x2  
  68  6:33  Overlord x5  
  68  6:51  Hatchery  
  68  6:53  Hatchery  
  66  7:03  Evolution Chamber  
  66  7:06  Evolution Chamber  
  64  7:13  Roach x9  
  64  7:14  Roach x2  
  86  7:19  Drone x2  
  88  7:38  Drone x4  
  92  7:47  Drone  
  93  7:58  Drone x5  
  94  8:01  Queen  
  100  8:13  Drone x6  
  100  8:15  Queen  
  108  8:26  Roach x7  
  122  8:28  Ravager x2  
  122  8:29  Ravager x4  
  122  8:32  Zerg Missile Weapons Level 1  
  122  8:33  Zerg Ground Armor Level 1  
  128  8:38  Overseer  
  128  8:46  Overlord x2  
  128  8:47  Overlord x2  
  128  9:25  Roach  
  128  9:26  Roach x13  
  128  9:27  Zergling x8  
  160  9:31  Overlord x4  
  160  9:41  Glial Reconstitution  
  160  9:45  Burrow  
  160  9:53  Infestation Pit  
  110  10:36  Roach x17  
  110  10:39  Ravager x6  
  150  10:47  Drone x4  
  150  10:48  Drone x7  
  161  10:52  Extractor  
  160  10:57  Extractor  
  159  11:21  Roach x12  
Tags
 
League
Gold
Matchup
TvZ
Spawn Locations
Close Positions
Add a new tag
Caveats
  • Supply blocks, unpowered buildings, or Contaminate may cause inaccurate times.
  • Supply counts are checked every 10 seconds.